 Dungeon Crawl Stone Soup version 0.14-a0-1739-g6c2808e (webtiles) character file.

58 Kae the Insei (level 3, 0/28 HPs)
             Began as a Draconian Transmuter on Jan 3, 2014.
             Slain by a worm (4 damage)
             ... on Level 2 of the Dungeon.
             The game lasted 00:00:49 (944 turns).

Kae the Insei (Draconian Transmuter)                 Turns: 944, Time: 00:00:49

HP   0/28        AC  6     Str 12      XL: 3   Next: 10%
MP   6/6         EV 12     Int 18      God:
Gold 26          SH  0     Dex 12      Spells:  1 memorised,  5 levels left

rFire  . . .     SeeInvis .       - Unarmed
rCold  . . .     Clarity  .     (armour unavailable)
rNeg   . . .     Conserve .     (no shield)
rPois  .         rCorr    .     (helmet restricted)
rElec  .         rRot     .     (no cloak)
SustAb . .       Spirit   .     (no gloves)
rMut   .         Warding  .     (no boots)
Saprov . . .     Stasis   .     (no amulet)
                                (no ring)
                                (no ring)

@: brilliant, not resistant to hostile enchantments, unstealthy
A: unfitting armour, regeneration 1, screaming 1, shaggy fur 1, AC +5
a: no special abilities


You were on level 2 of the Dungeon.
You were not hungry.

You visited 1 branch of the dungeon, and saw 2 of its levels.

You collected 26 gold pieces.

Inventory:

Missiles
 b - 12 arrows
Comestibles
 a - 2 bread rations
 j - a meat ration
Scrolls
 c - a scroll of blinking {unknown}
 h - 2 scrolls of remove curse {unknown}
 k - a scroll of amnesia {unknown}
 l - a scroll of fear {unknown}
 m - a scroll of identify {unknown}
Jewellery
 i - a +2 ring of evasion {unknown}
Potions
 f - 2 potions of curing {unknown}
Books
 d - a book of Changes

   Spells                             Type                      Level
   *Beastly Appendage                 Transmutation                1
   Sticks to Snakes                   Transmutation                2
   Spider Form                        Transmutation/Poison         3
   Ice Form                           Ice/Transmutation            4
   Blade Hands                        Transmutation                5


   Skills:
 - Level 1.1 Fighting
 - Level 1.7 Dodging
 * Level 4.0 Unarmed Combat
 - Level 2.0 Spellcasting
 + Level 2.4 Transmutations


You had 5 spell levels left.
You knew the following spells:

 Your Spells              Type           Power        Failure   Level  Hunger
a - Beastly Appendage     Trmt           ###...       1%          1    #......


Dungeon Overview and Level Annotations

Branches:
Dungeon (2/16)

Altars:


Innate Abilities, Weirdness & Mutations

Your plain brown scales are hard (AC +5).
Your body does not fit into most forms of armour.
Your cold-blooded metabolism reacts poorly to cold.
Your natural rate of healing is unusually fast.
You occasionally shout uncontrollably.
You are covered in fur (AC +1).


Message History

Unknown command.
Unknown command.
The worm bites you.
* * * LOW HITPOINT WARNING * * *
You hit the worm.
The worm is almost dead.
The worm closely misses you.
You completely miss the worm.
The worm is almost dead.
You hit the worm. Your kick misses the worm.
The worm is almost dead.
The worm bites you.
* * * LOW HITPOINT WARNING * * *
You completely miss the worm.
The worm is almost dead.
You hit the worm but do no damage.
The worm is almost dead.
Your talons disappear.
The worm bites you.
You die...

######## ##############..$....
#....@w.%..%.#.%.###
############.#.########.......#
#............#.# #.....#..#
#>########.#.#.# #!...##
...........#.#.# #.#...#
#.##########.#.# #.#..... #.#
#######.#.# #.##....# #.#
#...%...#.# #.# ....# ..#
#.#####.#.# #.# ....


You could see a worm.

Vanquished Creatures
  An adder (D:2)
  A goblin (D:1)
  A hobgoblin (D:1)
  3 jackals (D:1)
  6 kobolds
  A ball python (D:2)
  5 bats
  2 giant newts
  4 rats (D:1)
24 creatures vanquished.

Notes
Turn   | Place    | Note
--------------------------------------------------------------
     0 | D:1      | Kae, the Draconian Transmuter, began the quest for the Orb.
     0 | D:1      | Reached XP level 1. HP: 16/16 MP: 3/3
    71 | D:1      | Reached XP level 2. HP: 15/23 MP: 4/4
   626 | D:2      | Reached skill level 4 in Unarmed Combat
   626 | D:2      | Reached XP level 3. HP: 23/28 MP: 6/6
   938 | D:2      | Gained mutation: You are covered in fur (AC +1). [potion of mutation]
   938 | D:2      | Gained mutation: Your natural rate of healing is unusually fast. [potion of mutation]
   938 | D:2      | Gained mutation: You occasionally shout uncontrollably. [potion of mutation]
   944 | D:2      | Slain by a worm

Action                   || total
-------------------------++-------
Melee: Unarmed           ||    88
 Cast: Beastly Appendage ||     4
  Use: Potion            ||     2
